 Dungeon Crawl Stone Soup version 0.17-a0-1567-gdd419b1 (webtiles) character file.

148592 HEYYEYAAE the Warrior (level 16, -5/157 HPs)
             Began as a Green Draconian Berserker on July 22, 2015.
             Was a High Priest of Trog.
             Slain by a black mamba (11 damage)
             ... on level 1 of the Snake Pit.
             The game lasted 01:34:10 (30058 turns).

HEYYEYAAE the Warrior (Green Draconian Berserker)  Turns: 30058, Time: 01:34:10

Health: -5/157     AC: 15    Str: 32    XL:     16   Next: 94%
Magic:  24/35      EV: 22    Int:  8    God:    Trog [*****.]
Gold:   1060       SH:  0    Dex:  9    Spells: 0 memorised, 15 levels left

rFire  . . .     SeeInvis .     t - +7 Singing Sword
rCold  . . .     Clarity  .     (armour unavailable)
rNeg   . . .     SustAt   .     (no shield)
rPois  +         Gourm    .     (helmet restricted)
rElec  .         Spirit   .     K - +2 cloak
rCorr  .         Warding  .     G - +2 pair of gloves
rMut   .         Stasis   .     (no boots)
MR     +++..                    U - amulet of regeneration
Stlth  +.........               Y - +5 ring of evasion
                                T - ring "Gizyug" {rPois MP+9 Str+4 Slay+4}

@: lethally poisoned (-5 -> -6), exhausted, regenerating, slowed, very slow,
extremely resistant to hostile enchantments, very unstealthy
A: breathe noxious fumes, unfitting armour, stinger 1, blink 2, clumsy 1, high
mp 1, poison resistance, strong 1, cold-blooded, AC +9
a: Breathe Noxious Fumes, Blink, Burn Spellbooks, Berserk, Trog's Hand, Brothers
in Arms, Renounce Religion


You were on level 1 of the Snake Pit.
You worshipped Trog.
Trog was extremely pleased with you.
You were very hungry.

You visited 6 branches of the dungeon, and saw 32 of its levels.

You collected 5329 gold pieces.
You spent 4269 gold pieces at shops.

Inventory:

Hand weapons
 m - a +8 great sword of freezing
 s - the +3 great sword of Dealiv Yxan {venom, rPois rF+ rN+ Int+4}
   (You bought it in a shop on level 6 of the Dungeon)

   It poisons the flesh of those it strikes.
   It affects your intelligence (+4).
   It protects you from fire.
   It protects you from poison.
   It protects you from negative energy.
 t - the +7 Singing Sword (weapon)
   (You bought it in a shop on level 14 of the Dungeon)
 W - a +5 great sword of slicing
 X - a +2 antimagic triple sword
Missiles
 R - 5 javelins of penetration (quivered)
Armour
 G - a +2 pair of gloves (worn)
 K - a +2 cloak (worn)
Jewellery
 i - an uncursed amulet of clarity
 C - an uncursed ring of protection from magic
 H - an uncursed amulet of resist corrosion
 T - the ring "Gizyug" (left hand) {rPois MP+9 Str+4 Slay+4}
   (You bought it in a shop on level 6 of the Dungeon)

   [ring of slaying]

   It affects your strength (+4).
   It affects your accuracy and damage with ranged weapons and melee attacks
   (+4).
   It protects you from poison.
   It affects your magic capacity (+9).
 U - an amulet of regeneration (around neck)
 Y - a +5 ring of evasion (right hand)
Magical devices
 e - a wand of enslavement (15)
 f - a wand of invisibility (2)
 n - a wand of confusion (25)
 B - a wand of polymorph (5)
 J - a wand of teleportation (7)
 N - a wand of teleportation (6)
 P - a wand of enslavement (7)
 Q - a wand of disintegration (2)
 Z - a wand of invisibility (2)
Scrolls
 a - 2 scrolls of fog
 d - 22 scrolls of remove curse
 j - 3 scrolls of recharging
 l - 8 scrolls of teleportation
 w - 7 scrolls of magic mapping
 F - 3 scrolls of enchant armour
 I - a scroll of blinking
Potions
 c - 6 potions of ambrosia
 g - 5 potions of flight
 h - 2 potions of resistance
 o - 10 potions of curing
 p - 2 potions of magic
 q - 2 potions of cure mutation
 r - a potion of haste
 v - 5 potions of might
 x - 4 potions of agility
 y - 2 potions of berserk rage {unknown}
 z - a potion of beneficial mutation {unknown}
 L - 4 potions of lignification
 M - 3 potions of cancellation
 O - 3 potions of brilliance
 V - 4 potions of invisibility
Miscellaneous
 A - an ornate deck of defence {the Potion}
Comestibles
 b - 16 bread rations
 k - 17 meat rations
 u - a fruit
 D - 3 chunks of flesh


   Skills:
 * Level 18.1 Fighting
 * Level 16.9 Long Blades
 * Level 14.5 Dodging
 + Level 10.9 Evocations


You had 15 spell levels left.
You didn't know any spells.

Dungeon Overview and Level Annotations

Branches:
Dungeon (15/15)            Temple (0/1) D:6            Lair (8/8) D:10
 Shoals (0/4) Lair:6        Snake (1/4) Lair:4        Slime (1/6) Lair:7
    Orc (4/4) D:12            Elf (3/3) Orc:4        Vaults (0/5) D:13
 Depths (0/5) D:15

Altars:
Dithmenos
Gozag
Kikubaaqudgha
Qazlal
Trog
Xom
The Shining One
Beogh
Jiyva

Shops:
D:4 =(   D:6 =*((   D:7 *   D:11 ?   D:13 :   D:14 *   Orc:4 [*(:   Elf:2 [

Portals:
Trove: Elf:2 (give 22 scrolls of identify)

Annotations:
Elf:2 3 runed doors


Innate Abilities, Weirdness & Mutations

You can breathe blasts of noxious fumes.
Your lurid green scales are hard (AC +9).
Your body does not fit into most forms of armour.
Your tail ends in a poisonous barb.
Your system is resistant to poisons.
You are cold-blooded and may be slowed by cold attacks.
You are good at translocating small distances at will.
You are clumsy. (Dex -2)
You have an increased reservoir of magic (+10% MP).
Your muscles are strong. (Str +2)


Message History

The black mamba bites you.
* * * LOW HITPOINT WARNING * * *
Unknown command.
Drink which item? (? for menu, Esc to quit)
You feel better.
* * * LOW HITPOINT WARNING * * *
Your iron troll looks even sicker.
* * * LOW HITPOINT WARNING * * *
The black mamba closely misses you. The black mamba bites you!
* * * LOW HITPOINT WARNING * * *
You are poisoned.
The black mamba poisons you! The black mamba bites you!
* * * LOW HITPOINT WARNING * * *
Your iron troll misses the naga ritualist.
Your iron troll claws the naga ritualist!! x2
The naga ritualist dies!
Trog accepts your kill.
Trog appreciates your killing of a magic user.
The black mamba bites you!
You die...

#....... ##....#.##
#.......# #......#
#....... ##..[.##
#......#####....#
#...............# #
##........######.#### .#
#.#...#.### ###....##.##
##...##.######...?......#
#....##..##..@S)T.......#
#.............S.()).....#
#......###...(...(.......
#...)#.###...............
#....#..#..(.............
#...##...................
#... #....#..............
##.......##..............
.##.....##(.............


You could see 2 black mambas and a friendly iron troll (berserk).

Vanquished Creatures
  Jorgrun (Elf:2)
  Rupert (Lair:6)
  An acid blob (Lair:7)
  Kirke (Lair:5)
  A storm dragon (Lair:6)
  An azure jelly (Lair:1)
  A deep elf sorcerer (Elf:1)
  2 orc warlords
  2 emperor scorpions
  2 deep elf demonologists (Elf:2)
  Azrael (Orc:4)
  The ghost of MordorOrchid the Spear-Bearer, a powerful DrBe of Trog (Orc:3)
  An ettin (Lair:2)
  3 fire dragons
  Josephine (D:13)
  A deep elf death mage (Elf:1)
  Fannar (Lair:3)
  Harold (Orc:2)
  A deep elf high priest (Elf:2)
  3 hydras
  An ice dragon (Lair:5)
  The ghost of FooOfBar the Arsonist, a powerful TeFE of Vehumet (Lair:2)
  Erica (Lair:1)
  10 death yaks
  2 centaur warriors
  2 dancing weapons (Elf:2)
  5 catoblepae
  2 anacondas (Snake:1)
  A queen ant (Lair:4)
  2 naga sharpshooters (Snake:1)
  A tengu warrior (D:12)
  3 orc high priests
  A small abomination (Elf:2)
  Sonja (D:10)
  Nergalle (Orc:4)
  A fire crab (shapeshifter) (D:13)
  10 deep elf knights
  A sea snake (D:14)
  An iron troll (D:13)
  The ghost of Multipenetrator the Zephyrmancer, an experienced HEAE of Okawaru (D:7)
  3 unseen horrors
  10 deep elf summoners
  6 hill giants
  A phantasmal warrior (D:13)
  A necromancer (Elf:1)
  2 lindwurms (Lair:8)
  2 orc sorcerers
  7 deep elf conjurers
  An oklob plant (Lair:3)
  4 cyclopes
  A mana viper (Snake:1)
  7 orc knights
  5 griffons
  9 ugly things
  4 manticores
  17 elephants
  A gargoyle (D:13)
  A yaktaur (shapeshifter) (Elf:3)
  An eye of devastation (shapeshifter) (D:13)
  4 black mambas
  A guardian serpent (D:14)
  5 torpor snails (Lair:8)
  11 spiny frogs
  4 fire drakes
  10 komodo dragons
  5 merfolk
  4 deep elf priests
  A wind drake (shapeshifter) (D:15)
  3 giant leeches (Lair:8)
  4 trolls
  Grinder (D:6)
  2 trapdoor spider zombies (D:14)
  5 blink frogs (Lair:5)
  4 slime creatures
  A harpy skeleton (D:15)
  A trapdoor spider (D:11)
  A trapdoor spider (shapeshifter) (Elf:2)
  2 two-headed ogres
  A tarantella (shapeshifter) (D:13)
  A centaur simulacrum (D:14)
  A water elemental (D:14)
  A shadow (D:11)
  A basilisk (shapeshifter) (D:13)
  The ghost of Duffy the Magician, an average VSWz (D:6)
  17 deep elf magi
  8 hippogriffs
  20 deep elf fighters
  6 steam dragons
  3 wyverns
  45 yaks
  6 hungry ghosts
  5 wraiths
  5 basilisks
  A large abomination (Elf:1)
  2 vampire mosquitoes (D:15)
  Menkaure (D:7)
  A hell hound (Orc:4)
  A fire elemental (Orc:3)
  8 hogs
  4 wargs
  13 water moccasins
  2 nagas (Snake:1)
  32 orc warriors
  6 soldier ants
  17 wolves
  2 mottled dragons
  An ice beast (D:7)
  Duvessa (D:6)
  10 ogres
  2 swamp drakes (Lair:8)
  10 porcupines
  6 sky beasts
  3 wasps (Lair:8)
  5 phantoms
  2 black bears
  2 eyes of draining
  10 crocodiles
  A big kobold (D:12)
  20 giant frogs
  Blork the orc (D:6)
  4 brain worms (Lair:8)
  10 centaurs
  4 elf zombies (Elf:1)
  A wyvern zombie (D:9)
  Dowan (D:6)
  3 wyvern skeletons
  A scorpion (D:13)
  19 killer bees
  A troll zombie (D:12)
  11 wights
  3 centaur zombies
  6 jellies
  A giant frog zombie (D:8)
  8 crimson imps
  2 centaur skeletons
  26 orc priests
  7 hounds
  17 worker ants
  29 orc wizards
  11 iguanas
  A killer bee zombie (D:7)
  12 sheep
  3 ogre zombies (D:12)
  A hound skeleton (D:10)
  A worker ant zombie (D:11)
  12 adders
  11 gnolls
  36 river rats
  2 shadow imps
  17 worms
  9 giant geckos
  168 orcs
  2 ball pythons
  A bat skeleton (D:4)
  3 giant cockroaches
  23 goblins
  17 hobgoblins
  6 quokkas
  14 bats
  12 giant newts
  A goblin skeleton (D:12)
  2 goblin zombies (D:12)
  2 hobgoblin skeletons (D:12)
  A hobgoblin zombie (D:12)
  10 jackals (D:3)
  19 kobolds
  An orc skeleton (D:12)
  12 orc zombies (D:12)
  A quokka skeleton (D:7)
  14 rats
  A fungus (Lair:8)
  A plant (Lair:6)
1093 creatures vanquished.

Vanquished Creatures (collateral kills)
  2 hydras
  A naga ritualist (Snake:1)
  An orc sorcerer (Orc:4)
  A mana viper (Snake:1)
  2 orc knights
  An ugly thing (D:12)
  A black mamba (Snake:1)
  2 komodo dragons
  2 fire elementals (Orc:4)
  4 nagas (Lair:4)
  2 wargs (Orc:4)
  A water moccasin (Lair:4)
  10 orc warriors
  A troll zombie (D:12)
  2 wights (D:6)
  6 orc priests
  7 orc wizards
  3 ogre zombies (D:12)
  12 orcs
  A hobgoblin zombie (D:12)
  An orc skeleton (D:12)
  3 orc zombies (D:12)
  A fungus (Lair:7)
67 creatures vanquished.

Vanquished Creatures (others)
  A deep elf fighter (Elf:2)
  2 orc warriors (Orc:4)
  An orc priest (Orc:4)
  A worm (Lair:8)
  2 orcs
  29 fungi
  26 plants
62 creatures vanquished.

Grand Total: 1222 creatures vanquished

Notes
Turn   | Place    | Note
--------------------------------------------------------------
     0 | D:1      | HEYYEYAAE the Draconian Berserker began the quest for the Orb.
     0 | D:1      | Reached XP level 1. HP: 19/19 MP: 1/1
   381 | D:1      | Reached XP level 2. HP: 9/26 MP: 2/2
   780 | D:1      | Acquired Trog's second power
  1240 | D:2      | Reached XP level 3. HP: 33/33 MP: 3/3
  1311 | D:2      | Reached skill level 4 in Fighting
  1795 | D:2      | Found a shimmering altar of Xom.
  2011 | D:3      | Reached XP level 4. HP: 39/41 MP: 4/4
  2388 | D:3      | Reached XP level 5. HP: 42/47 MP: 5/5
  2581 | D:4      | Found Pofiwk's Jewellery Shoppe.
  2630 | D:4      | Acquired Trog's third power
  2630 | D:4      | Reached skill level 5 in Fighting
  2644 | D:4      | Reached XP level 6. HP: 21/56 MP: 6/6
  2873 | D:4      | Reached skill level 5 in Long Blades
  3038 | D:4      | Noticed an ogre
  3050 | D:4      | Killed an ogre
  3115 | D:4      | Reached skill level 6 in Fighting
  3115 | D:4      | Your scales start taking on a lurid green colour.
  3115 | D:4      | Gained mutation: Your system is resistant to poisons. [Green Draconian growth]
  3115 | D:4      | Reached XP level 7. HP: 36/63 MP: 7/7
  3464 | D:4      | Found Nokiny's Weapon Boutique.
  3581 | D:5      | Entered Level 5 of the Dungeon
  3641 | D:5      | Found a shadowy altar of Dithmenos.
  3651 | D:5      | Found a glowing golden altar of the Shining One.
  4405 | D:6      | Found Veselask's General Store.
  4405 | D:6      | Found a staircase to the Ecumenical Temple.
  4405 | D:6      | Noticed Blork the orc
  4412 | D:6      | Killed Blork the orc
  4428 | D:6      | Noticed Duffy's ghost (average VSWz)
  4454 | D:6      | Reached skill level 7 in Fighting
  4461 | D:6      | Reached XP level 8. HP: 73/73 MP: 8/8
  4505 | D:6      | Found a bloodstained altar of Trog.
  4537 | D:6      | Found an opulent altar of Gozag.
  4615 | D:6      | Noticed Grinder
  4625 | D:6      | Killed Grinder
  4717 | D:6      | Bought a scroll of teleportation for 36 gold pieces
  4717 | D:6      | Bought a scroll of identify for 24 gold pieces
  4717 | D:6      | Bought a scroll of enchant armour for 90 gold pieces
  4717 | D:6      | Bought a scroll of enchant weapon for 90 gold pieces
  4717 | D:6      | Bought a slice of pizza for 18 gold pieces
  4735 | D:6      | Found Gietofaiwn's Jewellery Emporium.
  4754 | D:6      | Killed Duffy's ghost
  4754 | D:6      | Reached skill level 8 in Fighting
  4754 | D:6      | Reached skill level 5 in Dodging
  4903 | D:6      | Found Tore Haylo's Antique Weapon Boutique.
  4917 | D:6      | Found Duynix's Weapon Shoppe.
  5116 | D:6      | Noticed Dowan
  5117 | D:6      | Noticed Duvessa
  5125 | D:6      | Killed Duvessa
  5127 | D:6      | Killed Dowan
  5127 | D:6      | Reached XP level 9. HP: 82/82 MP: 9/9
  5368 | D:7      | Noticed Multipenetrator's ghost (experienced HEAE)
  5382 | D:7      | Killed Multipenetrator's ghost
  5382 | D:7      | Reached skill level 9 in Fighting
  5383 | D:7      | Found a stormy altar of Qazlal.
  5453 | D:7      | Found Xeif's Assorted Antiques.
  5531 | D:7      | Noticed Menkaure
  5538 | D:7      | Killed Menkaure
  5679 | D:7      | Found an ancient bone altar of Kikubaaqudgha.
  6166 | D:6      | Bought an ichor-stained great sword for 218 gold pieces
  6166 | D:6      | Identified the +3 great sword of Dealiv Yxan {venom, rPois rF+ rN+ Int+4} (You bought it in a shop on level 6 of the Dungeon)
  6284 | D:8      | Reached skill level 10 in Fighting
  6286 | D:8      | Reached skill level 1 in Evocations
  6519 | D:8      | Reached XP level 10. HP: 65/93 MP: 11/11
  6943 | D:8      | Gained mutation: You can translocate small distances at will. [mutagenic meat]
  6944 | D:8      | Gained mutation: Your muscles are strong. (Str +2) [mutagenic meat]
  6945 | D:8      | Gained mutation: You have an increased reservoir of magic (+10% MP). [mutagenic meat]
  6946 | D:8      | Gained mutation: You are good at translocating small distances at will. [mutagenic meat]
  7095 | D:9      | Reached skill level 10 in Long Blades
  7134 | D:9      | Noticed a hill giant
  7150 | D:9      | Received a gift from Trog
  7155 | D:9      | Killed a hill giant
  7366 | D:9      | Reached skill level 11 in Fighting
  7648 | D:10     | Entered Level 10 of the Dungeon
  7769 | D:10     | Noticed Sonja
  7774 | D:10     | Killed Sonja
  7784 | D:10     | Noticed a centaur warrior
  7789 | D:10     | Killed a centaur warrior
  7789 | D:10     | Reached XP level 11. HP: 65/102 MP: 15/15
  8058 | D:10     | Found a staircase to the Lair.
  8446 | D:11     | Found Kiwaros's Magic Scroll Boutique.
  8458 | D:11     | Bought a scroll of identify for 26 gold pieces
  8458 | D:11     | Bought a scroll of blinking for 97 gold pieces
  8458 | D:11     | Bought a scroll of identify for 26 gold pieces
  8840 | D:11     | Reached skill level 12 in Fighting
  9204 | D:11     | Killed an unseen horror
  9455 | D:12     | Reached skill level 5 in Evocations
  9461 | D:12     | Received a gift from Trog
  9514 | D:12     | Noticed a tengu warrior
  9525 | D:12     | Killed a tengu warrior
  9805 | D:12     | Noticed a four-headed hydra
  9964 | D:12     | Killed a seven-headed hydra
  9976 | D:12     | Found a staircase to the Orcish Mines.
  9980 | D:12     | Reached XP level 12. HP: 78/113 MP: 17/17
 10079 | D:12     | Noticed a five-headed hydra
 10095 | D:12     | Killed a six-headed hydra
 10154 | D:12     | Killed an unseen horror
 10489 | Orc:1    | Entered Level 1 of the Orcish Mines
 11007 | Orc:1    | Reached skill level 13 in Fighting
 11282 | Orc:2    | Noticed Harold
 11297 | Orc:2    | Killed Harold
 11761 | Orc:4    | Entered Level 4 of the Orcish Mines
 11770 | Orc:4    | Received a gift from Trog
 11785 | Orc:4    | Found a staircase to the Elven Halls.
 11942 | Orc:3    | Received a gift from Trog
 11958 | Orc:3    | Noticed MordorOrchid's ghost (powerful DrBe)
 11969 | Orc:3    | Killed MordorOrchid's ghost
 11969 | Orc:3    | Reached skill level 10 in Dodging
 12142 | Orc:3    | Noticed an orc warlord
 12162 | Orc:3    | Killed an orc warlord
 12169 | Orc:3    | Received a gift from Trog
 12430 | Orc:3    | Gained mutation: You are clumsy. (Dex -2) [a neqoxec]
 12471 | Orc:3    | Found a roughly hewn altar of Beogh.
 12953 | Orc:4    | Noticed Azrael
 13254 | Orc:4    | Noticed Nergalle
 13262 | Orc:4    | Killed Azrael
 13262 | Orc:4    | Reached XP level 13. HP: 95/123 MP: 19/19
 13266 | Orc:4    | Killed Nergalle
 13419 | Orc:4    | Reached skill level 14 in Fighting
 13428 | Orc:4    | Found a roughly hewn altar of Beogh.
 13437 | Orc:4    | Received a gift from Trog
 13603 | Orc:4    | Noticed an orc warlord
 13627 | Orc:4    | Killed an orc warlord
 13707 | Orc:4    | Found Yluov's General Store.
 13763 | Orc:4    | Bought a potion of heal wounds for 65 gold pieces
 13857 | Orc:4    | Found Haafui Daiw's Antique Armour Shop.
 13873 | Orc:4    | Found Quavy's Antique Weapon Shop.
 13889 | Orc:4    | Found Rusorcheynn's Book Shop.
 13917 | Orc:4    | Bought a pair of embroidered gloves for 139 gold pieces
 13971 | Orc:4    | Bought an uncursed amulet of clarity for 260 gold pieces
 14565 | Elf:1    | Entered Level 1 of the Elven Halls
 15597 | Elf:1    | Received a gift from Trog
 15619 | Elf:2    | Found Tepnich's Armour Shop.
 15712 | Elf:2    | Noticed Jorgrun
 15735 | Elf:2    | Killed Jorgrun
 15993 | Elf:2    | Reached skill level 15 in Fighting
 16072 | Elf:2    | Gained mutation: Your tail ends in a poisonous barb. [Green Draconian growth]
 16072 | Elf:2    | Reached XP level 14. HP: 96/135 MP: 22/22
 16196 | Elf:2    | Found a portal to a secret trove of treasure.
 16363 | Elf:2    | Noticed a deep elf demonologist
 16369 | Elf:2    | Killed a deep elf demonologist
 16389 | Elf:2    | Noticed a deep elf demonologist
 16391 | Elf:2    | Noticed a Brimstone Fiend
 16441 | Elf:2    | Found a runed gate.
 16441 | Elf:2    | Found a runed gate.
 16456 | Elf:2    | Found a runed gate.
 16739 | Elf:2    | Killed a deep elf demonologist
 17199 | Elf:3    | Entered Level 3 of the Elven Halls
 17362 | Elf:3    | Received a gift from Trog
 17554 | Elf:3    | Noticed a deep elf master archer
 17555 | Elf:3    | Noticed a deep elf blademaster
 17619 | Elf:1    | Noticed a deep elf sorcerer
 17625 | Elf:1    | Killed a deep elf sorcerer
 17851 | D:13     | Received a gift from Trog
 18042 | D:13     | Noticed Josephine
 18049 | D:13     | Killed Josephine
 18329 | D:13     | Found Desackuz's Book Shop.
 18625 | D:13     | Found a gate to the Vaults.
 19261 | D:14     | Reached skill level 16 in Fighting
 19308 | D:14     | Reached skill level 15 in Long Blades
 19371 | D:14     | Received a gift from Trog
 19383 | D:14     | Reached XP level 15. HP: 78/144 MP: 23/23
 19445 | D:15     | Entered Level 15 of the Dungeon
 20729 | D:15     | Found a staircase to the Depths.
 20951 | D:14     | Found Ukag's General Store.
 20962 | D:14     | Bought the +7 Singing Sword for 1320 gold pieces
 20962 | D:14     | Bought a potion of cure mutation for 385 gold pieces
 21909 | D:7      | Bought a potion of heal wounds for 115 gold pieces
 21909 | D:7      | Bought a bone wand for 92 gold pieces
 21991 | D:6      | Bought the ring "Gizyug" {rPois MP+9 Str+4 Slay+4} for 1268 gold pieces
 22143 | Lair:1   | Entered Level 1 of the Lair of Beasts
 22166 | Lair:1   | Noticed Erica
 22173 | Lair:1   | Killed Erica
 22359 | Lair:1   | Noticed an azure jelly
 22359 | Lair:1   | a seven-headed hydra changed into an azure jelly
 22370 | Lair:1   | Killed an azure jelly
 22984 | Lair:2   | Noticed FooOfBar's ghost (powerful TeFE)
 22992 | Lair:2   | Killed FooOfBar's ghost
 23119 | Lair:2   | Received a gift from Trog
 23568 | Lair:3   | Noticed Fannar
 23576 | Lair:3   | Killed Fannar
 24779 | Lair:4   | Reached skill level 17 in Fighting
 24941 | Lair:4   | Found a staircase to the Snake Pit.
 25143 | Lair:4   | Reached skill level 10 in Evocations
 25645 | Lair:5   | Reached XP level 16. HP: 144/155 MP: 25/25
 25653 | Lair:5   | Noticed Kirke
 25665 | Lair:5   | Killed Kirke
 26643 | Lair:6   | Received a gift from Trog
 26660 | Lair:6   | Noticed Rupert
 26669 | Lair:6   | Found a glowing golden altar of the Shining One.
 26869 | Lair:6   | Found a staircase to the Shoals.
 27224 | Lair:6   | Killed Rupert
 27550 | Lair:6   | Got a warped scimitar
 27829 | Lair:7   | Found a viscous altar of Jiyva.
 27829 | Lair:7   | Found a staircase to the Slime Pits.
 27854 | Lair:7   | Identified the +7 scimitar of Honour {vamp, +Blink Int+4} (You found it on level 6 of the Lair of Beasts)
 28435 | Lair:7   | Noticed an acid blob
 28440 | Lair:7   | Killed an acid blob
 28470 | Slime:1  | Entered Level 1 of the Pits of Slime
 28499 | Lair:8   | Entered Level 8 of the Lair of Beasts
 28978 | Lair:8   | Received a gift from Trog
 29340 | Lair:8   | Reached skill level 18 in Fighting
 29444 | Lair:8   | Found a runed door.
 29973 | Snake:1  | Entered Level 1 of the Snake Pit
 30058 | Snake:1  | HP: 6/157 [black mamba (11)]
 30058 | Snake:1  | Slain by a black mamba

Vault maps used:
D:1:      evilmike_arrival_rings, minmay_lizard_king
D:2:      tgw_xom, st_stairs_6, kennysheep_generic_room_12
D:4:      serial_shops, shop_coins, shop, first_bread
D:5:      overflow_temple_1_default, nicolae_dithmenos_through_a_glass_darkly
D:6:      kennysheep_mini_moat, temple_pool_b, serial_shops, shop, shop,
          nicolae_shop_behind_doors, shop, grunt_gozag_breadcrumbs,
          uniq_duvessa, uniq_blork_the_orc, uniq_grinder
D:7:      kiku_gazebo_pond_becter, old_standard_altar, serial_shops,
          nicolae_shop_temple_entry_statues_fountains, uniq_menkaure
D:9:      hangedman_fish_farm
D:10:     minmay_lair_entry_lava, lightli_fourway_metalbox, uniq_sonja
D:11:     serial_shops, shop
D:12:     zombieorc2_lemuel, serial_shops, statue_bzr
D:13:     david_vaults_4, serial_shops, nicolae_shop_crystal,
          hangedman_decor_riveting, uniq_josephine
D:14:     wad_river_or_something, serial_bayou_pond_d, serial_shops, shop,
          minmay_misc_feat_diagonals, nrook_guardian_serpent_ordinary
D:15:     hangedman_depths_entry_try_elsewhere_first, roderic_serpentine_path
Lair:1:   uniq_erica
Lair:3:   st_stairs_12, uniq_fannar
Lair:4:   minmay_snake_entry_guardpost_small, wad_woods_antlair
Lair:5:   lemuel_fruit_fields, uniq_kirke
Lair:6:   elwin_shoals_entry_stream, basic_altar, uniq_rupert
Lair:7:   slime_altar_1
Lair:8:   guppyfry_lair_end_dragon, wormcave
Slime:1:  nicolae_slime_barrier
Orc:2:    sword_in_stone, uniq_harold
Orc:3:    orc_temple, nicolae_orc_pool_cavern
Orc:4:    grunt_orc_cross, nicolae_orc_tapped_out, uniq_azrael
Elf:1:    elf_arrival_002, minmay_elf_necromancy, st_stairs_14
Elf:2:    serial_shops, shop_statue, enter_trove_6,
          serial_sigils_hangedman_etch, orc_legates, uniq_jorgrun
Elf:3:    grunt_elf_hall_branching

Action                   |  1- 3 |  4- 6 |  7- 9 | 10-12 | 13-15 | 16-18 || total
-------------------------+-------+-------+-------+-------+-------+-------++-------
Melee: Falchion          |   107 |    17 |    46 |       |       |       ||   170
       Short sword       |    21 |   140 |   156 |       |       |       ||   317
       Great sword       |       |       |   135 |   876 |   724 |       ||  1735
       Double sword      |       |       |       |       |   426 |   569 ||   995
Invok: Berserk           |     1 |     2 |     6 |     5 |    13 |     8 ||    35
       Trog's Hand       |       |       |     4 |    11 |    27 |     9 ||    51
       Brothers in Arms  |       |       |     1 |     4 |     8 |     4 ||    17
       Burn Spellbooks   |       |       |       |     3 |     5 |       ||     8
 Abil: Breathe Noxious F |       |       |     1 |    18 |    23 |       ||    42
Evoke: Wand              |       |       |     2 |    19 |    53 |    13 ||    87
  Use: Scroll            |       |       |     9 |    14 |    29 |     9 ||    61
       Potion            |       |       |       |     3 |     4 |     4 ||    11
 Stab: Sleeping          |     3 |       |       |     3 |     1 |     1 ||     8
       Confused          |       |       |     1 |     4 |     7 |     2 ||    14
       Distracted        |       |       |       |       |       |     1 ||     1
  Eat: Chunk             |     5 |     5 |    11 |    36 |    43 |    16 ||   116
       Fruit             |       |       |     4 |       |     1 |     6 ||    11
       Beef jerky        |       |       |     1 |     2 |       |     2 ||     5
       Pizza             |       |       |     1 |       |     4 |     2 ||     7
       Bread ration      |       |       |       |       |     2 |       ||     2
       Meat ration       |       |       |       |       |     1 |       ||     1
       Royal jelly       |       |       |       |       |     1 |       ||     1
